 Dungeon Crawl Stone Soup version 0.25-a0-737-g26c3a87c45 (webtiles) character file.

Game seed: 8650387228413110188, levelgen mode: deterministic

41084 Rubbish the Slinger (level 14, -9/73 HPs)
             Began as a Halfling Hunter on Apr 9, 2020.
             Was a Plaything of Xom.
             Killed by divine providence
             ... invoked by an orc priest
              (11 damage)
             ... on level 2 of the Orcish Mines on Apr 12, 2020.
             The game lasted 15:24:51 (24258 turns).

Rubbish the Slinger (Halfling Hunter)              Turns: 24258, Time: 15:24:52

Health: -9/73      AC: 16    Str: 13    XL:     14   Next: 48%
Magic:  12/18      EV: 18    Int: 16    God:    Xom [.....*]
Gold:   1507       SH:  2    Dex: 20    Spells: 20/32 levels left

rFire    . . .     SeeInvis +   D - +3 scimitar (flame)
rCold    + + .     Gourm    .   (shield restricted)
rNeg     . . .     Faith    .   T - +2 troll leather armour
rPois    .         Spirit   .   (helmet restricted)
rElec    .         Reflect  +   O - +1 cloak
rCorr    .         Harm     .   (no gloves)
rMut     +         Clarity  +   (boots unavailable)
MR       ++...                  h - +2 amulet of reflection
Stlth    +++.......             r - +3 ring of protection
HPRegen  0.62/turn              a - ring "Ippommel" {MP-9 Int+7 SInv}
MPRegen  0.16/turn

@: cleaving, very slightly contaminated, heavily drained
A: small, hooves 3, horns 1, icy blue scales 1, blink, clarity, cold resistance
1, frail 2, magic resistance 1, mutation resistance 3, sense surroundings 2,
screaming 1, shaggy fur 3, wild magic 2, sturdy frame 1
a: Blink, Renounce Religion


You were on level 2 of the Orcish Mines.
You worshipped Xom.
You were Xom's teddy bear.
You were not hungry.

You visited 6 branches of the dungeon, and saw 24 of its levels.

You collected 1926 gold pieces.
You spent 419 gold pieces at shops.

Inventory:

Hand Weapons
 d - a +4 short sword of draining
 n - a +2 whip of electrocution
 v - the +8 hunting sling of Fas Yfot {speed, rElec rC++ MR+ Dex+3}
   (You acquired it on level 12 of the Dungeon)

   Attacks with this weapon are significantly faster.
   It affects your dexterity (+3).
   It greatly protects you from cold.
   It insulates you from electricity.
   It affects your resistance to hostile enchantments.
 x - the +7 shortbow "Hotitak" {venom, rF+}
   (You found it on level 4 of the Lair of Beasts)

   It poisons the ammo it fires.
   It protects you from fire.
 D - a +3 scimitar of flaming (weapon)
 R - a +2 falchion of holy wrath
 X - a +2 antimagic flail
Missiles
 e - 58 poisoned darts
 g - 516 stones
 j - 303 arrows
 o - 2 atropa-tipped darts
 s - 79 bolts
 N - 16 sling bullets
 V - 5 curare-tipped darts (quivered)
 Y - 5 datura-tipped darts
Armour
 i - a +2 robe of cold resistance
 H - a +2 leather armour of fire resistance
 O - a +1 cloak (worn)
 T - a +2 troll leather armour (worn)
Magical Staves
 G - an uncursed staff of fire
Jewellery
 a - the ring "Ippommel" (right hand) {MP-9 Int+7 SInv}
   (You acquired it on level 3 of the Lair of Beasts)

   [ring of see invisible]

   It affects your intelligence (+7).
   It affects your magic capacity (-9).
   It lets you see invisible.
 h - a +2 amulet of reflection (around neck)
 l - an uncursed amulet of the gourmand
 r - a +3 ring of protection (left hand)
 w - an uncursed ring of see invisible
 E - an uncursed ring of poison resistance
 F - an uncursed ring of positive energy
 L - an uncursed ring of flight
Wands
 t - a wand of disintegration (4)
 B - a wand of acid (18)
 I - a wand of polymorph (8)
Scrolls
 m - 12 scrolls of remove curse
 p - a scroll of amnesia
 u - 4 scrolls of teleportation
 C - a scroll of fog
 K - a scroll of noise {unknown}
 P - a scroll of brand weapon {unknown}
 Q - a scroll of identify
 W - 3 scrolls of magic mapping
Potions
 c - 2 potions of resistance
 y - a potion of magic {unknown}
 z - a potion of stabbing
 J - a potion of haste
 M - a potion of degeneration {unknown}
 U - 2 potions of cancellation
Miscellaneous
 b - a tin of tremorstones
 A - a box of beasts
 S - a lightning rod (2/4)
 Z - a phantom mirror
Comestibles
 f - 35 rations


   Skills:
 + Level 7.5(5.3) Fighting
 + Level 2.0(0.5) Short Blades
 + Level 1.7(0.1) Long Blades
   Level 2.3(3.0) Axes
 + Level 6.5(4.7) Maces & Flails
 + Level 1.6(2.0) Staves
 + Level 13.1(10.7) Slings
 + Level 3.6(1.6) Bows
 + Level 1.7(4.1) Throwing
 + Level 4.3(2.2) Armour
 + Level 7.5(5.2) Dodging
 + Level 6.4(4.3) Stealth
 + Level 9.5(7.2) Spellcasting
 + Level 1.4(0.0) Hexes
 + Level 0.4(0.0) Charms
 + Level 8.9(6.6) Summonings
 + Level 2.0(0.1) Necromancy
 + Level 0.8(0.0) Fire Magic
 + Level 0.3(0.0) Evocations


You had 20 spell levels left.
You knew the following spells:

 Your Spells              Type           Power        Failure   Level  Hunger
a - Corona                Hex            #......      26%         1    None
b - Slow                  Hex            #.......     34%         2    None
c - Summon Small Mammal   Summ           ####         3%          1    None
d - Animate Skeleton      Necr           N/A          24%         1    None
e - Vampiric Draining     Necr           #.........   52%         3    ##.....
f - Inner Flame           Hex/Fire       #.......     54%         3    ##.....
g - Infusion              Chrm           #...         26%         1    None

Your spell library contained the following spells:

 Spells                   Type           Power        Failure   Level  Hunger
 Summon Butterflies       Summ           #####...     3%          1    None
 Call Imp                 Summ           #####...     4%          2    None
 Call Canine Familiar     Summ           #####...     8%          3    ##.....
 Recall                   Summ/Tloc      N/A          21%         3    ##.....
 Summon Guardian Golem    Hex/Summ       ####....     21%         3    ##.....
 Pain                     Necr           #...         24%         1    None
 Apportation              Tloc           #.....       26%         1    None
 Passwall                 Tmut/Erth      #.......     34%         2    None
 Shroud of Golubria       Chrm/Tloc      #.....       34%         2    None
 Song of Slaying          Chrm           #.......     34%         2    None
 Aura of Abjuration       Summ           #####.....   38%         5    #####..
 Summon Demon             Summ           #####.....   38%         5    #####..
 Summon Ice Beast         Ice/Summ       ####....     50%         4    ####...
 Summon Lightning Spire   Summ/Air       ####....     50%         4    ####...
 Ozocubu's Armour         Chrm/Ice       #.......     54%         3    ##.....
 Portal Projectile        Hex/Tloc       #.....       54%         3    ##.....
 Spectral Weapon          Hex/Chrm       #.......     54%         3    ##.....
 Summon Forest            Summ/Tloc      ####......   80%         5    #####..
 Summon Mana Viper        Hex/Summ       ####....     80%         5    #####..
 Animate Dead             Necr           N/A          87%         4    ####...
 Cause Fear               Hex            #.........   88%         4    ####...
 Leda's Liquefaction      Hex/Erth       #.........   88%         4    ####...
 Shadow Creatures         Summ           N/A          88%         6    #######
 Agony                    Necr           #.......     99%         5    #####..
 Bolt of Magma            Conj/Fire/Erth #.........   99%         5    #####..
 Irradiate                Conj/Tmut      #.........   99%         5    #####..
 Iskenderun's Battlesphe  Conj/Chrm      #.......     99%         5    #####..
 Iron Shot                Conj/Erth      #.........   100%        6    #######
 Statue Form              Tmut/Erth      #........    100%        6    #######
 Orb of Destruction       Conj           #.........   100%        7    #######
 Spellforged Servitor     Conj/Summ      ####......   100%        7    #######


Dungeon Overview and Level Annotations

Branches:
Dungeon (13/15)            Temple (1/1) D:6            Lair (6/6) D:8
  Swamp (1/4) Lair:2       Spider (1/4) Lair:4        Slime (0/5) Lair:6
    Orc (2/2) D:10            Elf (0/3) Orc:2
 Vaults: D:13-14

Altars:
Ashenzari
Cheibriados
Dithmenos
Elyvilon
Fedhas
Gozag
Hepliaklqana
Kikubaaqudgha
Makhleb
Nemelex Xobeh
Okawaru
Qazlal
Ru
Sif Muna
Trog
Uskayaw
Vehumet
Wu Jian
Xom
Yredelemnul
Zin
The Shining One
Beogh

Shops:
D:6 [   D:10 }   D:12 ?   Orc:1 ([(?   Orc:2 ?(}

Annotations:
D:7 Harold, Joseph
D:13 Kirke
Lair:1 1 runed translucent door


Innate Abilities, Weirdness & Mutations

You are small and have problems with some larger weapons.
You are almost entirely resistant to further mutation and mutation removal.
You have hooves in place of feet.
You have a pair of small horns on your head.
You are partially covered in icy blue scales. (AC +2)
You can translocate small distances at will.
You possess an exceptional clarity of mind.
Your flesh is cold resistant. (rC+)
You are very frail. (-20% HP)
You are resistant to hostile enchantments. (MR+)
You passively map the area around you.
You occasionally shout uncontrollably at your foes.
Your thick and shaggy fur keeps you warm. (AC +3, rC+)
Your spells are harder to cast, but more powerful.
Your movements are slightly less encumbered by armour. (ER -2)


Message History

The orc knight roars a battlecry!
The orcs go into a battle-frenzy!
You see here a warg corpse.
Casting: Summon Small Mammal (safe; 3% risk of failure)
Confirm with . or Enter, or press ? or * to list all spells.
You miscast Animate Skeleton.
You are very lightly contaminated with residual magic.
The world around you seems to dim momentarily.
You are no longer magically infusing your attacks.
The orc no longer looks unusually strong.
The orc priest begins to cast a cantrip, but forgets the words!
The orc warrior throws a boomerang.
The boomerang barely misses you.
The weapon returns to the orc warrior!
Your orc hits the orc warrior but does no damage.
Your orc warrior hits the orc priest with a +0 glaive!
The orc priest dies!
The orc priest mumbles some strange prayers to Beogh against you.
Beogh smites you!
You die...
Xom snickers!

...................#..o.####.....
..##..o.##......oooo...## #.....
.......##..(....o.oo.#### ##.#..
........#...#.ooo.o...#.## ####.
..............._.o##.....# #.
..........#.....oO.##....## ##
.........#.......[.((.....# #
#.......###....#..[##_.#.## #
###...... ##....@.###...##
###.... ##.##.## ##.## ##.#.**
###### ### ## ##


You could see an orc knight, an orc high priest, 2 orc warriors, an ogre, 2 orc
priests, an orc, a friendly orc warrior, 2 friendly orc priests and 2 friendly
orcs.

Vanquished Creatures
  Josephine (D:11)
  Snorg (D:12)
  Fannar (D:9)
  6 hydras
  4 two-headed ogres
  Erica (D:11)
  Urug (D:12)
  A wolf spider (Spider:1)
  An orc knight (D:10)
  2 manticores (D:12)
  A cyclops (D:11)
  A black mamba (Lair:3)
  4 elephants (Lair:3)
  A gargoyle (D:11)
  3 spiny frogs
  A rime drake (Lair:1)
  4 komodo dragons
  A kobold demonologist (D:11)
  3 jumping spiders (Lair:4)
  2 trolls
  A hornet (D:12)
  A blink frog (Lair:5)
  4 hippogriffs
  3 redbacks (Lair:4)
  A spriggan (D:9)
  50 yaks
  5 wraiths
  2 basilisks
  2 vampire mosquitoes
  2 hungry ghosts
  A steam dragon (Lair:3)
  A hog (D:13)
  3 wargs
  8 water moccasins
  4 porcupines
  An ice beast (D:7)
  A sky beast (D:11)
  7 orc warriors
  2 phantoms
  2 black bears
  A necrophage (D:11)
  12 ogres
  7 centaurs
  4 wolves (Lair:3)
  5 crocodiles
  10 bullfrogs
  A gnoll sergeant (D:8)
  A wyvern zombie (D:12)
  4 scorpions
  4 killer bees
  7 wights
  4 crimson imps
  5 howler monkeys
  2 centaur zombies
  A centaur skeleton (D:6)
  4 hounds
  12 orc priests
  3 bullfrog skeletons
  2 gnoll shamans (D:4)
  Crazy Yiuf (D:7)
  6 iguanas
  Natasha (twice) (D:4)
  25 orc wizards
  5 worker ants
  A hound skeleton (D:6)
  A worker ant zombie (D:6)
  36 gnolls
  11 adders
  A howler monkey skeleton (D:7)
  5 shadow imps
  An ooze (D:1)
  2 worms (D:2)
  2 dart slugs
  3 leopard geckos
  58 orcs
  3 ball pythons
  9 bats
  9 giant cockroaches
  11 goblins
  9 hobgoblins
  32 jackals
  5 kobolds
  5 quokkas
  3 frilled lizards
  4 rats
  A fungus (D:7)
481 creatures vanquished.

Vanquished Creatures (collateral kills)
  A hydra (Lair:2)
  A cyclops (D:12)
  An ugly thing (D:12)
  An elephant (Lair:3)
  3 spiny frogs (Lair:1)
  2 komodo dragons
  A queen bee (Lair:4)
  A hornet (D:11)
  2 slime creatures (D:12)
  A blink frog (Lair:1)
  2 hippogriffs
  2 redbacks (Lair:4)
  A wyvern (Lair:5)
  17 yaks
  An acid dragon (D:12)
  3 water moccasins
  2 porcupines
  An ice beast (D:10)
  A sky beast (D:12)
  5 orc warriors
  A phantom (D:5)
  2 ogres
  A crocodile (Lair:3)
  4 bullfrogs
  A wight (D:11)
  A bullfrog zombie (D:5)
  2 orc wizards (D:10)
  2 orc priests
  4 gnoll shamans (D:4)
  A worker ant (D:5)
  Natasha (D:4)
  A hound zombie (D:11)
  A hound skeleton (D:11)
  6 gnolls
  28 orcs
  A fungus (Lair:3)
  A plant (Lair:3)
107 creatures vanquished.

Vanquished Creatures (others)
  A yak (Lair:1)
  An orc (D:10)
  A bush (Lair:1)
  10 fungi
  A plant (Lair:3)
  8 toadstools (Lair:1)
22 creatures vanquished.

Grand Total: 610 creatures vanquished

Notes
Turn   | Place    | Note
-------+----------+-------------------------------------------
     0 | D:1      | Rubbish the Halfling Hunter began the quest for the Orb.
     0 | D:1      | Reached XP level 1. HP: 14/14 MP: 1/1
    66 | D:1      | Reached skill level 6 in Slings
    96 | D:1      | Reached XP level 2. HP: 18/19 MP: 2/2
   385 | D:1      | Reached XP level 3. HP: 24/24 MP: 3/3
   491 | D:1      | Reached skill level 7 in Slings
  1032 | D:2      | Reached XP level 4. HP: 29/29 MP: 4/4
  1048 | D:2      | Reached skill level 1 in Armour
  1502 | D:2      | Found a snail-covered altar of Cheibriados.
  1502 | D:2      | Found a glowing silver altar of Zin.
  1885 | D:2      | Found a snail-covered altar of Cheibriados.
  2005 | D:2      | Reached XP level 5. HP: 31/34 MP: 5/5
  2193 | D:3      | Found a faded altar of an unknown god.
  2723 | D:3      | Became a worshipper of Xom of Chaos
  2765 | D:3      | XOM: silly message
  2863 | D:3      | Reached skill level 8 in Slings
  2885 | D:3      | XOM: cast spell 'Call Canine Familiar'
  2916 | D:3      | HP: 1/35 [poisoned by a scorpion]
  3241 | D:4      | Found a shimmering altar of Xom.
  3321 | D:4      | Reached XP level 6. HP: 28/41 MP: 6/6
  3388 | D:4      | Reached skill level 1 in Axes
  3463 | D:4      | XOM: cloud trail
  3540 | D:3      | XOM: potion effect (haste)
  3570 | D:3      | XOM: silly message
  3971 | D:4      | XOM: harmless Summ miscast
  4007 | D:4      | XOM: harmless Ice miscast
  4272 | D:4      | Reached skill level 9 in Slings
  4321 | D:4      | Reached XP level 7. HP: 42/45 MP: 7/7
  4388 | D:4      | Found a blossoming altar of Fedhas.
  4415 | D:4      | Noticed Natasha
  4423 | D:4      | Killed Natasha
  4869 | D:4      | Noticed Natasha
  4909 | D:4      | XOM: cast spell 'Cause Fear'
  4998 | D:4      | XOM: medium Ice miscast
  5147 | D:4      | XOM: summons friendly iron imp
  5167 | D:4      | XOM: smoke on damage
  5192 | D:4      | Killed Natasha
  5213 | D:4      | XOM: confuse monster(s)
  5233 | D:4      | Reached skill level 1 in Maces & Flails
  5254 | D:4      | Reached skill level 10 in Slings
  5312 | D:4      | XOM is BORED!
  5312 | D:4      | XOM: medium Ice miscast
  5328 | D:4      | Noticed Natasha
  5336 | D:4      | Reached XP level 8. HP: 25/52 MP: 8/8
  5366 | D:4      | XOM: cast spell 'Cause Fear'
  5393 | D:4      | XOM: give mutations
  5393 | D:4      | Gained mutation: Your spells are a little harder to cast,
                  | but a little more powerful. [Xom's grace]
  5393 | D:4      | Gained mutation: You have a somewhat thin skeletal
                  | structure. (Dex +2, Stealth) [Xom's grace]
  5393 | D:4      | Gained mutation: Your mind is acute. (Int +2) [Xom's grace]
  5393 | D:4      | Gained mutation: You have a pair of small horns on your
                  | head. [Xom's grace]
  5409 | D:4      | XOM: scenery: 1 doors close
  5410 | D:4      | XOM: scenery: 1 doors open
  5419 | D:4      | Killed Natasha
  5573 | D:5      | Entered Level 5 of the Dungeon
  5597 | D:5      | XOM: cloud trail
  5698 | D:5      | XOM: scenery: 2 doors open
  5831 | D:5      | Upgraded the game from 0.25-a0-731-g0472a16d6a to
                  | 0.25-a0-734-g73332aeda9
  5994 | D:5      | Reached skill level 11 in Slings
  6187 | D:5      | XOM: cloud trail
  6255 | D:6      | XOM: scenery: create altars
  6480 | D:5      | XOM: noise
  6516 | D:5      | Learned a level 1 spell: Corona
  6550 | D:5      | Reached XP level 9. HP: 59/59 MP: 9/9
  6738 | D:5      | Reached skill level 1 in Throwing
  6943 | D:6      | Found a staircase to the Ecumenical Temple.
  7059 | D:6      | Reached skill level 12 in Slings
  7154 | D:6      | XOM: cast spell 'Summon Ice Beast'
  7217 | D:6      | XOM: scenery: create altars
  7221 | D:6      | XOM: divination: detect items
  7257 | D:6      | Found Atabbiul's Armour Shop.
  7313 | D:6      | XOM: god gift: robe {god gift}
  7334 | D:6      | XOM: give mutations
  7334 | D:6      | Gained mutation: You passively map a small area around you.
                  | [Xom's grace]
  7334 | D:6      | Gained mutation: You possess an exceptional clarity of
                  | mind. [Xom's grace]
  7374 | D:6      | XOM: confuse monster(s)
  7388 | D:6      | Reached skill level 1 in Hexes
  7443 | D:6      | Bought a +2 leather armour of fire resistance for 247 gold
                  | pieces
  7518 | D:6      | Learned a level 2 spell: Slow
  7616 | D:6      | Identified Toukant's Reference Book on the Mutagenic Escort
  7620 | D:6      | Learned a level 1 spell: Summon Small Mammal
  7710 | Temple   | Entered the Ecumenical Temple
  7918 | D:7      | XOM: god gift: 31 gold pieces
  8035 | D:7      | XOM: god gift: 14 stones
  8243 | D:7      | Noticed Joseph
  8300 | D:7      | XOM: enchant monster (good)
  8420 | D:7      | Noticed Harold
  8691 | D:7      | Found a runed translucent door.
  8692 | D:7      | Noticed Crazy Yiuf
  8704 | D:7      | Killed Crazy Yiuf
  8704 | D:7      | Reached skill level 1 in Spellcasting
  8735 | D:7      | XOM: god gift: 21 stones
  8829 | D:7      | XOM: enchant monster (good)
  8859 | D:7      | XOM: potion effect (brilliance)
  9081 | D:7      | XOM: god gift: war axe {god gift}
  9281 | D:7      | XOM: cast spell 'Chain of Chaos'
  9303 | D:7      | Noticed Harold
  9303 | D:7      | Harold changed into Harold the glowing orange brain
  9303 | D:7      | XOM: polymorph Harold -> Harold the glowing orange brain
  9315 | D:7      | XOM: summons 5 friendly demons
  9418 | D:7      | XOM: polymorph warg -> scorpion
  9428 | D:7      | XOM: harmless Summ miscast
  9433 | D:7      | XOM: stat loss: -1 Dex (19/20)
  9441 | D:7      | Reached skill level 1 in Summonings
  9661 | D:7      | Reached skill level 1 in Staves
  9676 | D:7      | XOM: 1-stop teleportation journey
  9733 | D:8      | Noticed a hippogriff
  9785 | D:8      | Reached XP level 10. HP: 50/65 MP: 10/13
  9959 | D:7      | XOM: harmless Tmut miscast
  9964 | D:8      | XOM: summons 5 hostile demons
  9987 | D:7      | Reached skill level 5 in Fighting
 10134 | D:8      | XOM: confuse monster(s)
 10138 | D:8      | XOM: divination: magic mapping
 10162 | D:8      | Found a staircase to the Lair.
 10246 | D:7      | XOM: smoke on damage
 10310 | D:7      | XOM: harmless Pois miscast
 10429 | D:8      | Reached skill level 5 in Dodging
 10447 | D:8      | XOM: enchant monster (good)
 10458 | D:8      | XOM: summons friendly ufetubus
 10481 | D:8      | XOM: god gift: 3 rations
 10484 | D:8      | XOM: divination: detect creatures
 10534 | D:7      | XOM: give mutations
 10534 | D:7      | Gained mutation: You are agile. (Dex +2) [Xom's grace]
 10534 | D:7      | Gained mutation: You are covered in fur. (AC +1) [Xom's
                  | grace]
 10711 | D:4      | XOM: scenery: 4 doors close
 10772 | D:4      | XOM: noise
 11117 | D:8      | XOM: scenery: create altars
 11150 | D:7      | XOM: give mutations
 11150 | D:7      | Lost mutation: You are agile. (Dex +2) [Xom's mischief]
 11150 | D:7      | Gained mutation: You are frail. (-10% HP) [Xom's mischief]
 11352 | D:8      | Found a bloodstained altar of Trog.
 11508 | D:8      | XOM: polymorph rat -> orc
 11514 | D:8      | XOM: scenery: create altars
 11673 | Lair:1   | Entered Level 1 of the Lair of Beasts
 11676 | Lair:1   | Noticed a spiny frog
 11721 | D:8      | XOM: give mutations
 11721 | D:8      | Gained mutation: Your spells are harder to cast, but more
                  | powerful. [Xom's grace]
 11721 | D:8      | Gained mutation: You have a pair of horns on your head.
                  | [Xom's grace]
 11765 | D:9      | XOM: god gift: 2 potions of berserk rage
 11785 | D:9      | XOM: potion effect (haste)
 11808 | D:9      | XOM: 1-stop teleportation journey
 11862 | D:9      | XOM: fog
 11925 | D:9      | XOM: give mutation
 11925 | D:9      | Gained mutation: You are resistant to hostile enchantments.
                  | (MR+) [Xom's mischief]
 12085 | D:9      | XOM: harmless Hex miscast
 12248 | D:9      | XOM is BORED!
 12248 | D:9      | XOM: give mutations
 12248 | D:9      | Lost mutation: Your mind is acute. (Int +2) [Xom's
                  | mischief]
 12248 | D:9      | Gained mutation: You occasionally shout uncontrollably at
                  | your foes. [Xom's mischief]
 12248 | D:9      | Gained mutation: You are very frail. (-20% HP) [Xom's
                  | mischief]
 12262 | D:9      | XOM: harmless Chrm miscast
 12289 | D:9      | XOM: destruction
 12322 | D:9      | Found a shattered altar of Ashenzari.
 12322 | D:9      | Found a stormy altar of Qazlal.
 12330 | D:9      | Found a hide-covered altar of Uskayaw.
 12332 | D:9      | Found a faded altar of an unknown god.
 12333 | D:9      | Found a radiant altar of Vehumet.
 12356 | D:9      | XOM: give mutations
 12356 | D:9      | Gained mutation: You are covered in thick fur. (AC +2)
                  | [Xom's grace]
 12356 | D:9      | Gained mutation: Your movements are slightly less
                  | encumbered by armour. (ER -2) [Xom's grace]
 12356 | D:9      | Gained mutation: You are partially covered in icy blue
                  | scales. (AC +2) [Xom's grace]
 12356 | D:9      | Gained mutation: You are somewhat resistant to both further
                  | mutation and mutation removal. [Xom's grace]
 12398 | D:9      | XOM: scenery: create altars
 12415 | D:9      | XOM: polymorph bat -> river rat
 12444 | D:9      | XOM: chaos cloud
 12451 | D:9      | XOM: blink monster(s)
 12467 | D:9      | XOM: cast spell 'Olgreb's Toxic Radiance'
 12523 | D:9      | XOM: enchant monster (good)
 12538 | D:9      | XOM: summons 4 friendly demons
 12539 | D:9      | Reached XP level 11. HP: 57/57 MP: 10/16
 12658 | Lair:1   | XOM: polymorph quokka -> iguana
 12721 | Lair:1   | XOM: destruction
 12722 | Lair:1   | XOM: summons friendly crimson imp
 12735 | D:8      | XOM: divination: detect creatures
 12818 | Lair:1   | XOM: give mutations
 12818 | Lair:1   | Gained mutation: You passively map the area around you.
                  | [Xom's grace]
 12818 | Lair:1   | Gained mutation: Your flesh is cold resistant. (rC+) [Xom's
                  | grace]
 12825 | Lair:1   | XOM: confuse monster(s)
 12832 | Lair:1   | XOM: enchant monster (good)
 13038 | Lair:1   | XOM: noise
 13052 | Lair:1   | XOM: summons friendly iron imp
 13054 | Lair:1   | XOM: fog
 13072 | Lair:1   | XOM: summons 11 friendly demons
 13093 | Lair:1   | XOM: god gift: lightning rod (4/4)
 13252 | Lair:1   | XOM: scenery: create altars
 13296 | Lair:1   | Found a runed translucent door.
 13300 | Lair:1   | Noticed a lindwurm
 13620 | Lair:2   | Reached skill level 5 in Summonings
 13877 | Lair:2   | Noticed a five-headed hydra
 13922 | Lair:2   | Reached skill level 5 in Maces & Flails
 13923 | Lair:2   | XOM: cast spell 'Dispersal'
 13978 | Lair:1   | XOM: enchant monster (good)
 13984 | Lair:1   | Reached skill level 5 in Spellcasting
 14057 | Lair:2   | XOM: mild Necr miscast
 14065 | Lair:1   | XOM: enchant monster (good)
 14111 | Lair:2   | XOM: enchant monster (good)
 14127 | Lair:1   | Reached skill level 5 in Stealth
 14176 | Lair:2   | XOM: summons 6 friendly demons
 14181 | Lair:2   | XOM: cleaving
 14185 | Lair:2   | XOM: 2-stop teleportation journey
 14214 | Lair:2   | XOM: summons 11 friendly demons
 14224 | Lair:2   | XOM: summons friendly quasit
 14225 | Lair:2   | XOM: cleaving
 14242 | Lair:2   | Reached XP level 12. HP: 38/63 MP: 7/19
 14407 | Lair:2   | XOM: cloud trail
 14526 | Lair:2   | Found a staircase to the Swamp.
 14644 | Lair:2   | Killed a two-headed hydra
 14934 | Lair:3   | XOM: blink monster(s)
 14964 | Lair:3   | XOM: swap monsters
 14982 | Lair:3   | XOM: smoke on damage
 15002 | Lair:2   | XOM: summons friendly ufetubus
 15163 | Lair:3   | XOM: stat loss: -1 Int (8/9)
 15181 | Lair:3   | Learned a level 1 spell: Animate Skeleton
 15220 | Lair:3   | Noticed a seven-headed hydra
 15267 | Lair:3   | XOM: silly message
 15386 | Lair:3   | XOM: confuse monster(s)
 15522 | Lair:3   | Noticed an eight-headed hydra
 15529 | Lair:3   | XOM: medium Necr miscast
 15548 | Lair:3   | XOM: summons friendly white imp
 15554 | Lair:3   | Killed an eight-headed hydra
 15584 | Lair:3   | XOM: torment (27/64 hp)
 15588 | Lair:3   | XOM: summons friendly white imp
 15590 | Lair:3   | XOM: cleaving
 15607 | Lair:3   | XOM: enchant monster (bad)
 15950 | Lair:3   | XOM: summons 3 hostile shadow creatures
 15957 | Lair:3   | Noticed a five-headed hydra
 15957 | Lair:3   | XOM: scenery: 1 doors open
 15961 | Lair:3   | XOM: blink monster(s)
 15968 | Lair:3   | XOM: enchant monster (bad)
 15979 | Lair:3   | XOM: divination: detect creatures
 15998 | Lair:3   | XOM: divination: detect creatures
 16170 | Lair:3   | Identified a scroll of acquirement
 16171 | Lair:3   | Identified the ring "Ippommel" {MP-9 Int+7 SInv} (You
                  | acquired it on level 3 of the Lair of Beasts)
 16171 | Lair:3   | Identified the -6 cloak of Narcissism {MR+ MP+9 Dex+2} (You
                  | acquired it on level 3 of the Lair of Beasts)
 16290 | Lair:3   | XOM: enchant monster (bad)
 16311 | Lair:3   | XOM: mild Chrm miscast
 16398 | Lair:4   | Noticed a four-headed hydra
 16560 | Lair:4   | Noticed an eight-headed hydra
 16578 | Lair:4   | XOM: swap monsters
 16588 | Lair:4   | XOM: cleaving
 16595 | Lair:4   | Reached skill level 1 in Necromancy
 16766 | Lair:4   | XOM: enchant monster (bad)
 16777 | Lair:4   | Found a hole to the Spider Nest.
 16803 | Lair:4   | XOM: 1-stop teleportation journey
 16810 | Lair:4   | Reached XP level 13. HP: 52/68 MP: 2/23
 16844 | Lair:4   | XOM: enchant monster (bad)
 16861 | Lair:4   | XOM: polymorph jumping spider -> queen bee
 16877 | Lair:4   | XOM: fog
 16881 | Lair:4   | XOM: scenery: create altars
 16895 | Lair:4   | Reached skill level 13 in Slings
 17006 | Lair:4   | Got a faintly glowing shortbow
 17007 | Lair:4   | Identified the +7 shortbow "Hotitak" {venom, rF+} (You
                  | found it on level 4 of the Lair of Beasts)
 17095 | Lair:4   | XOM: give mutations
 17095 | Lair:4   | Gained mutation: You are almost entirely resistant to
                  | further mutation and mutation removal. [Xom's grace]
 17095 | Lair:4   | Gained mutation: You have large cloven feet. [Xom's grace]
 17280 | Lair:4   | XOM: potion effect (invisibility)
 17297 | Lair:4   | Killed a four-headed hydra
 17310 | Lair:4   | XOM: confuse monster(s)
 17339 | Lair:4   | Learned a level 3 spell: Vampiric Draining
 17343 | Lair:4   | Learned a level 3 spell: Inner Flame
 17379 | Lair:4   | Killed an eight-headed hydra
 17379 | Lair:4   | Reached skill level 1 in Bows
 17430 | Lair:4   | XOM is BORED!
 17561 | Lair:5   | XOM: 2-stop teleportation journey
 17677 | Lair:5   | XOM: god gift: 61 gold pieces
 17681 | Lair:5   | XOM: cast spell 'Chain of Chaos'
 17912 | Lair:5   | XOM: god gift: 7 rations
 18003 | Lair:5   | XOM: cloud trail
 18045 | Lair:6   | Entered Level 6 of the Lair of Beasts
 18064 | Lair:6   | Noticed a seven-headed hydra
 18074 | Lair:6   | XOM: cleaving
 18155 | Lair:6   | Noticed a catoblepas
 18155 | Lair:6   | Noticed a five-headed hydra
 18190 | Lair:5   | XOM: divination: detect items
 18232 | Lair:5   | XOM: god gift: ice dragon scales {god gift}
 18329 | Lair:4   | XOM: harmless Tloc miscast
 18347 | Spider:1 | Entered Level 1 of the Spider Nest
 18379 | Spider:1 | XOM: potion effect (invisibility)
 18450 | Lair:3   | Killed a one-headed hydra
 18461 | Lair:3   | XOM: enchant monster (good)
 18465 | Lair:3   | XOM: summons 7 friendly demons
 18476 | Lair:3   | Killed a one-headed hydra
 18539 | Swamp:1  | Entered Level 1 of the Swamp
 18719 | Lair:1   | XOM: god gift: scroll of random uselessness
 18763 | Lair:1   | Noticed a dire elephant
 18902 | D:10     | Entered Level 10 of the Dungeon
 18935 | D:10     | Noticed Fannar
 18962 | D:9      | XOM: enchant monster (good)
 18970 | D:9      | XOM: divination: detect creatures
 18971 | D:9      | Killed Fannar
 19029 | D:10     | XOM: divination: detect items
 19099 | D:10     | XOM: harmless Tmut miscast
 19116 | D:10     | Found a staircase to the Orcish Mines.
 19320 | D:10     | Found a runed translucent door.
 19359 | D:10     | XOM: divination: detect creatures
 19375 | D:10     | XOM: potion effect (magic)
 19376 | D:10     | XOM: harmless Hex miscast
 19429 | D:10     | XOM: enchant monster (bad)
 19447 | D:10     | XOM: smoke on damage
 19591 | D:10     | XOM: divination: detect creatures
 19757 | D:10     | Found a roughly hewn altar of Beogh.
 19760 | D:10     | XOM: cloud trail
 19851 | D:10     | XOM: confuse monster(s)
 19861 | D:10     | XOM: scenery: create altars
 19892 | D:10     | Found Meym's Gadget Emporium.
 19947 | D:10     | Reached skill level 1 in Short Blades
 19992 | D:10     | XOM: give mutations
 19992 | D:10     | Lost mutation: You have a somewhat thin skeletal structure.
                  | (Dex +2, Stealth) [Xom's mischief]
 19992 | D:10     | Lost mutation: You are partially covered in icy blue
                  | scales. (AC +2) [Xom's mischief]
 19992 | D:10     | Lost mutation: You are resistant to hostile enchantments.
                  | (MR+) [Xom's mischief]
 19992 | D:10     | Lost mutation: You have a pair of horns on your head.
                  | [Xom's mischief]
 19997 | D:10     | XOM: medium Hex miscast
 20218 | D:10     | XOM: enchant monster (bad)
 20224 | D:10     | XOM: cast spell 'Summon Butterflies'
 20357 | Orc:1    | Entered Level 1 of the Orcish Mines
 20357 | Orc:1    | Found Qisab's Weapon Shoppe.
 20431 | D:10     | XOM: polymorph quokka -> leopard gecko
 20438 | D:10     | XOM: give mutations
 20438 | D:10     | Gained mutation: You are resistant to hostile enchantments.
                  | (MR+) [Xom's grace]
 20438 | D:10     | Gained mutation: You have hoof-like feet. [Xom's grace]
 20438 | D:10     | Gained mutation: You have hooves in place of feet. [Xom's
                  | grace]
 20537 | D:10     | XOM: harmless Fire miscast
 20710 | D:11     | XOM: harmless Fire miscast
 20834 | D:11     | XOM: harmless Fire miscast
 20918 | D:11     | XOM: silly message
 21113 | D:11     | XOM: repel stairs
 21124 | D:11     | XOM: chaos upgrade
 21138 | D:11     | XOM: polymorph rat -> shapeshifter
 21139 | D:11     | XOM: confuse monster(s)
 21155 | D:11     | XOM: mild Summ miscast
 21204 | D:11     | Noticed Erica
 21311 | D:11     | XOM: cloud trail
 21355 | D:11     | XOM: silly message
 21459 | D:11     | XOM: noise
 21462 | D:11     | Noticed a six-headed hydra
 21464 | D:11     | XOM: confuse monster(s)
 21484 | D:11     | Killed a two-headed hydra
 21484 | D:11     | Reached XP level 14. HP: 64/73 MP: 10/26
 21721 | D:12     | Identified the +8 hunting sling of Fas Yfot {speed, rElec
                  | rC++ MR+ Dex+3} (You acquired it on level 12 of the
                  | Dungeon)
 21741 | D:12     | Noticed Urug
 21746 | D:12     | XOM: confuse monster(s)
 21767 | D:12     | Killed Urug
 21872 | D:12     | XOM: potion effect (heal wounds)
 21948 | D:12     | Found a blossoming altar of Fedhas.
 21948 | D:12     | XOM: 10-stop teleportation journey
 21955 | D:12     | Noticed Snorg
 21967 | D:12     | XOM: 2-stop teleportation journey
 21987 | D:12     | XOM: chaos cloud
 21995 | D:12     | XOM: summons friendly quasit
 22017 | D:12     | XOM: harmless Fire miscast
 22078 | D:12     | XOM: enchant monster (bad)
 22116 | D:12     | Learned a level 1 spell: Infusion
 22234 | D:12     | XOM: summons 3 friendly demons
 22352 | D:12     | XOM: noise
 22370 | D:12     | XOM: mild Chrm miscast
 22478 | D:12     | XOM: confuse monster(s)
 22491 | D:12     | XOM: medium Fire miscast
 22567 | D:12     | HP: 3/73 [Snorg (19)]
 22593 | D:12     | Killed Snorg
 22593 | D:12     | Reached skill level 1 in Long Blades
 22658 | D:12     | XOM: give mutations
 22658 | D:12     | Gained mutation: You can translocate small distances at
                  | will. [Xom's grace]
 22722 | D:12     | XOM: give mutations
 22722 | D:12     | Gained mutation: You are partially covered in icy blue
                  | scales. (AC +2) [Xom's grace]
 22722 | D:12     | Gained mutation: Your thick and shaggy fur keeps you warm.
                  | (AC +3, rC+) [Xom's grace]
 22780 | D:12     | Found Myibez's Magic Scroll Shop.
 22790 | D:12     | Noticed Josephine
 22792 | D:12     | XOM: scenery: create altars
 22804 | D:12     | XOM: butterfly on damage
 22820 | D:12     | XOM: scenery: create altars
 22829 | D:11     | Upgraded the game from 0.25-a0-734-g73332aeda9 to
                  | 0.25-a0-737-g26c3a87c45
 22941 | D:13     | Noticed Kirke
 22979 | D:12     | XOM: fog
 23019 | D:12     | XOM: cast spell 'Olgreb's Toxic Radiance'
 23041 | D:11     | XOM: butterfly on damage
 23049 | D:11     | XOM: cleaving
 23049 | D:11     | HP: 1/73 [Josephine/ghostly fireball (4)]
 23053 | D:11     | Killed Josephine
 23192 | D:11     | XOM: cleaving
 23198 | D:11     | XOM: summons 1 friendly demon
 23199 | D:11     | XOM: divination: magic mapping
 23218 | D:11     | Killed Erica
 23258 | D:11     | XOM: torment (36/73 hp)
 23383 | Orc:1    | Found Dasecid's Magic Scroll Shoppe.
 23425 | Orc:1    | Bought a scroll of summoning for 142 gold pieces
 23425 | Orc:1    | Bought a scroll of identify for 30 gold pieces
 23503 | Orc:2    | Entered Level 2 of the Orcish Mines
 23503 | Orc:2    | Found Megeezur's Gadget Shoppe.
 23510 | Orc:2    | XOM: smoke on damage
 23627 | Orc:1    | Found Satuumm's Armour Boutique.
 23864 | Orc:1    | Found Xigueg's Weapon Emporium.
 23874 | Orc:2    | XOM: summons 2 friendly demons
 23923 | Orc:2    | XOM: smoke on damage
 23994 | Orc:2    | XOM: enchant monster (good)
 24072 | Orc:2    | XOM: enchant monster (good)
 24073 | Orc:2    | XOM: 3-stop teleportation journey
 24125 | Orc:2    | XOM: scenery: create altars
 24140 | Orc:2    | XOM: potion effect (curing)
 24153 | Orc:1    | XOM: scenery: create altars
 24212 | Orc:2    | Found Kenuys's Antique Weapon Boutique.
 24212 | Orc:2    | Found Otucwaol's Magic Scroll Emporium.
 24212 | Orc:2    | XOM: 10-stop teleportation journey
 24234 | Orc:2    | XOM: cleaving
 24257 | Orc:2    | HP: 1/73 [orc priest/divine providence (13)]
 24258 | Orc:2    | Killed from afar by an orc priest

Levels and vault maps discovered:
D:1:      psy_arrival_basics, layout_basic
D:2:      layout_basic, gammafunk_temple_overflow_elements, cheibriados_altar_1
D:3:      layout_loops_ring, chequers_ecumenical_altar_island
D:4:      lemuel_castle_with_subvaults [lemuel_castle_interior_carwin_1],
          layout_loops_ring, lemuel_doored_altar,
          nicolae_overflow_crystal_walls, uniq_natasha
D:5:      layout_basic, first_ration
D:6:      layout_loops_cross, temple_fountains, serial_shops, shop,
          kennysheep_generic_room_7
D:7:      layout_basic, uniq_harold, uniq_joseph, uniq_crazy_yiuf_cottage
D:8:      layout_cave_pools, kennysheep_mini_moat, erik_lair_orcish_takeover
D:9:      layout_roguey, chequers_temple_overflow_minitemple, the_bakery
D:10:     layout_irregular_city, hiddenorc2_lemuel, serial_shops, shop,
          lightli_church_of_beogh, uniq_fannar
D:11:     layout_roguey, uniq_erica
D:12:     layout_loops_cross, serial_shops, shop, fedhas_bush_and_centaur_altar,
          uniq_josephine, uniq_snorg, uniq_urug
D:13:     layout_basic, uniq_kirke
Temple:   nicolae_temple_figure_eight
Lair:1:   gammafunk_lair_enchanted_lake, layout_regular_city, minmay_hedge_maze,
          minivault_27, infiniplex_staircase_pool, grunt_megastairs_2
Lair:2:   wander_river, layout_cave_pods, swamp_mist
Lair:3:   layout_chaotic_city, chequers_serial_rivers_micro_d
Lair:4:   layout_gridlike, nicolae_spider_entry_tight_spaces,
          grunt_megastairs_1, lemuel_fruit_tree, infiniplex_staircase_pool_2
Lair:5:   layout_regular_city
Lair:6:   minmay_lair_end_enchanted_forest, layout_layer_cave, slime_dummy,
          serial_bayou_shore_b, grunt_megastairs_5
Swamp:1:  layout_basic_swamp, evilmike_swamp_ruin_rubble_1
Spider:1: nicolae_spider_hall_of_the_moth_king
Orc:1:    layout_caves, serial_shops, nicolae_shop_behind_doors,
          nicolae_shop_competitors_out_of_business, shop, shop, shop
Orc:2:    st_orc_elflike, layout_caves, serial_shops, shop, mines3_lemuel

Skill      XL: |  1  2  3  4  5  6  7  8  9 10 11 12 13 14 |
---------------+-------------------------------------------+-----
Slings         | 6 7 8 9 10 11 12 13 | 13.1
Fighting       | 2 3 4 5 6 7 |  7.5
Armour         | 1 2 3 4 |  4.3
Axes           | 1 2 |  2.3
Dodging        | 3 4 5 6 7 |  7.5
Maces & Flails | 1 2 3 5 6 |  6.5
Stealth        | 2 3 4 5 6 |  6.4
Throwing       | 1 |  1.7
Hexes          | 1 |  1.4
Spellcasting   | 2 3 5 7 8 9 |  9.5
Summonings     | 1 3 5 7 8 |  8.9
Staves         | 1 |  1.6
Necromancy     | 1 2 |  2.0
Bows           | 3 |  3.6
Short Blades   | 1 2 |  2.0
Long Blades    | 1 |  1.7
Charms         | |  0.4
Fire Magic     | |  0.8
Evocations     | |  0.3

Action                   |  1- 3 |  4- 6 |  7- 9 | 10-12 | 13-15 || total
-------------------------+-------+-------+-------+-------+-------++-------
Melee: Short sword       |    18 |       |       |       |   208 ||   226
       Hand axe          |    39 |   117 |    22 |    18 |    39 ||   235
       Whip              |       |       |   221 |   566 |   167 ||   954
       Headbutt          |       |       |    43 |   194 |   153 ||   390
       Lajatang          |       |       |    12 |       |       ||    12
       Quarterstaff      |       |       |     4 |    29 |     5 ||    38
       Kick              |       |       |       |       |   116 ||   116
       Falchion          |       |       |       |       |    56 ||    56
       Scimitar          |       |       |       |       |    43 ||    43
 Fire: Hunting sling     |    53 |   148 |   233 |   244 |   156 ||   834
       Shortbow          |       |       |       |       |   132 ||   132
Throw: Stone             |       |     4 |       |       |       ||     4
       Dart              |       |       |     5 |     2 |     5 ||    12
 Cast: Summon Small Mamm |       |       |    19 |   360 |   469 ||   848
       Corona            |       |       |     2 |     1 |     1 ||     4
       Animate Skeleton  |       |       |       |    15 |    79 ||    94
       Inner Flame       |       |       |       |       |    13 ||    13
       Infusion          |       |       |       |       |    14 ||    14
 Abil: Stop Flying       |       |       |       |     1 |     1 ||     2
       Evoke Flight      |       |       |       |     1 |     1 ||     2
       Blink             |       |       |       |       |     6 ||     6
Evoke: Wand              |       |       |     1 |       |       ||     1
       Lightning rod     |       |       |       |     1 |     5 ||     6
  Use: Potion            |       |     3 |     3 |     3 |    13 ||    22
       Scroll            |       |    11 |     6 |    14 |    12 ||    43
 Stab: Sleeping          |       |     1 |     1 |     1 |     2 ||     5
       Distracted        |       |       |       |    15 |    16 ||    31
       Confused          |       |       |       |     3 |     3 ||     6
       Paralysed         |       |       |       |     1 |       ||     1
       Petrified         |       |       |       |     4 |       ||     4
       Petrifying        |       |       |       |     1 |       ||     1
       Invisible         |       |       |       |       |     1 ||     1
  Eat: Chunk             |       |     7 |     4 |    14 |    14 ||    39
       Ration            |       |     1 |     5 |     3 |     3 ||    12
Armor: Leather armour    |     9 |    21 |    58 |    51 |       ||   139
       Robe              |       |       |     1 |       |       ||     1
       Troll leather arm |       |       |       |   114 |   144 ||   258
Dodge: Dodged            |    64 |   117 |   210 |   562 |   538 ||  1491
Block: Other             |       |       |       |     4 |    45 ||    49
       Reflection        |       |       |       |       |     6 ||     6
       Rpst.: Falchion   |       |       |       |       |    14 ||    14
       Scimitar          |       |       |       |       |    23 ||    23

Table legend:
 A = Non-vault XP
 B = Vault XP
 C = Vault XP percentage of total XP
 D = Non-vault monster count
 E = Vault monster count
 F = Vault count percentage of total count
                 A         B        C        D         E       F
            +---------+---------+-------+---------+---------+-------
      Total |   45780 |   12912 |  22.0 |     446 |     140 |  23.9
            +---------+---------+-------+---------+---------+-------
        D:1 |      54 |       0 |   0.0 |      27 |       0 |   0.0
        D:2 |      85 |       0 |   0.0 |      18 |       0 |   0.0
        D:3 |     173 |       0 |   0.0 |      32 |       0 |   0.0
        D:4 |     232 |     759 |  76.6 |      16 |      54 |  77.1
        D:5 |     899 |       0 |   0.0 |      25 |       0 |   0.0
        D:6 |     833 |      37 |   4.3 |      22 |       2 |   8.3
        D:7 |     964 |     271 |  21.9 |      20 |       4 |  16.7
        D:8 |    1866 |     256 |  12.1 |      29 |       5 |  14.7
        D:9 |    1977 |    1134 |  36.5 |      16 |       2 |  11.1
       D:10 |    3352 |    1104 |  24.8 |      31 |      44 |  58.7
       D:11 |    5277 |    2070 |  28.2 |      42 |       3 |   6.7
       D:12 |    5174 |    2723 |  34.5 |      30 |       7 |  18.9
       D:13 |       0 |     175 | 100.0 |       0 |       1 | 100.0
     Lair:1 |    2762 |     842 |  23.4 |      15 |       5 |  25.0
     Lair:2 |    6004 |       0 |   0.0 |      29 |       0 |   0.0
     Lair:3 |    8167 |       0 |   0.0 |      32 |       0 |   0.0
     Lair:4 |    2663 |    3216 |  54.7 |      11 |      11 |  50.0
     Lair:5 |    2105 |     325 |  13.4 |      10 |       2 |  16.7
    Swamp:1 |     188 |       0 |   0.0 |       1 |       0 |   0.0
   Spider:1 |     513 |       0 |   0.0 |       1 |       0 |   0.0
      Orc:1 |     814 |       0 |   0.0 |      20 |       0 |   0.0
      Orc:2 |    1678 |       0 |   0.0 |      19 |       0 |   0.0
            +---------+---------+-------+---------+---------+-------
